 Dungeon Crawl Stone Soup version 0.31-a0-1036-g31867e143a (webtiles) character file.

Game seed: 14966040226623701970

926 Jannitor the Covert (level 8, -4/54 HPs)
             Began as an Octopode Delver on Nov 19, 2023.
             Slain by an ice beast (7 damage)
             ... on level 6 of the Dungeon.
             The game lasted 00:08:06 (4536 turns).

Jannitor the Covert (Octopode Delver)               Turns: 4536, Time: 00:08:07

Health: -4/54      AC:  2    Str: 12    XL:     8   Next: 10%
Magic:  7/12       EV: 15    Int: 12    God:
Gold:   382        SH:  0    Dex: 21    Spells: 10/12 levels left

rFire   + . .        a - +0 spear
rCold   . . .        (no shield)
rNeg    + . .        n - +1 hat
rPois   .            (no amulet)
rElec   .            q - +6 ring of dexterity
rCorr   .            r - ring of Dyluesin {rF+ rN+}
SInv    .            (no ring)
Will    .....        (no ring)
Stlth   +++++        (no ring)
HPRegen 0.29/turn    (no ring)
MPRegen 0.13/turn    (no ring)
                     (no ring)

%: no passive effects
@: lethally poisoned (-4 -> -6), hasted, very quick
A: almost no armour, amphibious, 8 rings, camouflage 1, gelatinous body 1,
(nimble swimmer 1), tentacles
a: no special abilities


You were on level 6 of the Dungeon.
You visited 1 branch of the dungeon, and saw 6 of its levels.

You collected 382 gold pieces.

Inventory:

Hand Weapons
 a - a +0 spear (weapon)
 p - a +0 sling of freezing
Missiles
 m - a throwing net
Armour
 n - a +1 hat (worn)
Jewellery
 q - a +6 ring of dexterity (left tentacle)
 r - the ring of Dyluesin (right tentacle) {rF+ rN+}
   (You found it on level 3 of the Dungeon)

   [ring of positive energy]

   rF+:       It protects you from fire.
   rN+:       It protects you from negative energy.
Wands
 f - a wand of digging (3)
 t - a wand of roots (13)
Scrolls
 b - 2 scrolls of fog
 c - a scroll of amnesia
 d - a scroll of blinking {unknown}
 g - 11 scrolls of identify
 j - a scroll of revelation
 k - 2 scrolls of enchant weapon
 s - 2 scrolls of noise {unknown}
 u - 2 scrolls of vulnerability {unknown}
 v - a scroll of enchant armour {unknown}
 y - a scroll of poison {unknown}
Potions
 e - a potion of haste
 h - a potion of enlightenment
 l - a potion of brilliance {unknown}
 o - a potion of magic {unknown}
 w - a potion of cancellation {unknown}
 x - a potion of invisibility {unknown}
 z - a potion of heal wounds {unknown}
 A - a potion of might {unknown}
 B - a potion of curing {unknown}


   Skills:
 + Level 4.8 Fighting
 + Level 4.1 Polearms
 + Level 4.2 Dodging
 + Level 8.5 Stealth
 + Level 2.8 Spellcasting
 + Level 3.7 Poison Magic


You had 10 spell levels left.
You knew the following spells:

 Your Spells              Type           Power      Damage    Failure   Level
a - Poisonous Vapours     Pois/Air       12%        N/A       17%         2

Your spell library contained the following spells:

 Spells                   Type           Power      Damage    Failure   Level
 Mephitic Cloud           Conj/Pois/Air  4%         N/A       41%         3
 Inner Flame              Hex/Fire       1%         N/A       58%         3
 Flame Wave               Conj/Fire      1%         2d4       94%         4
 Sticky Flame             Conj/Fire      1%         2d3       94%         4
 Freezing Cloud           Conj/Ice/Air   0%         6-21      100%        5


Dungeon Overview and Level Annotations

Branches:
Dungeon (6/15)
 Temple: D:4-7

Altars:
Ashenzari
Hepliaklqana
Kikubaaqudgha
Makhleb
Nemelex Xobeh
Yredelemnul


Innate Abilities, Weirdness & Mutations

You cannot wear most types of armour.
You are amphibious.
You can wear up to eight rings at the same time.
Your skin changes colour to match your surroundings (Stealth+).
Your rubbery body absorbs attacks. (AC +1, EV +1)
((You are camouflaged when in or above water. (Stealth+)))
You have tentacles for arms and can constrict up to eight enemies at once.


Message History

You are no longer poisoned.
The hornet struggles to escape constriction.
Casting: Poisonous Vapours (safe; 17% risk of failure)
Confirm with . or Enter, or press ? or * to list all spells.
Aiming: Poisonous Vapours (safe; 17% risk of failure)
Press: ? - help, Dir - move target, f/p - hornet
Aim: a hornet (lightly wounded, poisoned, constricted by roots) Poisonous vapours surround the hornet!
The hornet looks even sicker.
The grasping roots constrict the hornet.
The roots release their grip on the hornet.
Unknown command.
As you read the scroll of teleportation, it crumbles to dust.
You feel strangely unstable.
You feel yourself speed up. The hornet stings you.
You are poisoned.
You feel yourself slow down. The hornet stings you!
* * * LOW HITPOINT WARNING * * *
You feel as though you will be slow longer.
Unknown command.
Okay, then.
You feel very sick. The sleepcap barely misses you.
The hornet closely misses you.
Your surroundings seem slightly different.
You feel sick.
You feel sick.
You feel yourself speed up.
You feel sick.
The ice beast attacks as it pursues you!
The ice beast completely misses you.
Casting: Poisonous Vapours (safe; 17% risk of failure)
Confirm with . or Enter, or press ? or * to list all spells.
Aiming: Poisonous Vapours (safe; 17% risk of failure)
Press: ? - help, Dir - move target, f/p - hornet
Aim: a hornet (severely wounded, poisoned) Poisonous vapours surround the hornet!
The hornet looks even sicker.
The ogre shouts!
You feel sick. The ice beast hits you.
* * * LOW HITPOINT WARNING * * *
The ice beast freezes you!
You die...

#......#.....
#......#...
######.#.####
#..).....#
#........#
#........##### ###
#............O ..
#........##### #.
#@....)..# #.
#Y.......# ####.
#.......<#####....
##y............##.
#...)...#........
#fO.......#######
#....##.###
#....##.#
#....##.####


You could see a hornet (very poisoned), an ice beast, an ogre and a sleepcap.

Vanquished Creatures
  A water moccasin (D:6)
  A black bear (D:3)
  A centaur (D:6)
  An ogre (D:6)
  4 scorpions
  3 hounds
  An iguana (D:5)
  A sleepcap (D:3)
  Robin (D:2)
  5 gnolls
  4 adders
  A worm (D:3)
  2 dart slugs (D:5)
  8 orcs
  5 bats
  7 endoplasms
  4 giant cockroaches
  20 goblins
  5 hobgoblins
  7 quokkas
  4 ball pythons
  6 frilled lizards
  5 kobolds
  9 rats
106 creatures vanquished.

Notes
Turn   | Place    | Note
-------+----------+-------------------------------------------
     0 | D:5      | Jannitor the Octopode Delver began the quest for the Orb.
     0 | D:5      | Reached XP level 1. HP: 16/16 MP: 1/1
    12 | D:5      | Noticed a hound
    86 | D:5      | Noticed a hound
   173 | D:2      | Reached XP level 2. HP: 10/21 MP: 2/2
  1014 | D:1      | Reached XP level 3. HP: 26/26 MP: 3/3
  1120 | D:2      | Learned a level 2 spell: Poisonous Vapours
  1128 | D:2      | Noticed Robin
  1135 | D:2      | Reached skill level 7 in Stealth
  1146 | D:2      | Killed Robin
  1361 | D:2      | Reached XP level 4. HP: 28/31 MP: 5/5
  1731 | D:2      | Reached skill level 1 in Poison Magic
  1794 | D:3      | Found a faded altar of an unknown god.
  1918 | D:3      | Found an ancient bone altar of Kikubaaqudgha.
  1919 | D:3      | Found a basalt altar of Yredelemnul.
  2205 | D:3      | Noticed a black bear
  2212 | D:3      | Killed a black bear
  2213 | D:3      | Reached skill level 1 in Spellcasting
  2213 | D:3      | Reached XP level 5. HP: 32/37 MP: 5/7
  2238 | D:3      | Identified the ring of Dyluesin {rF+ rN+}
  2542 | D:3      | Reached XP level 6. HP: 19/43 MP: 8/8
  3667 | D:5      | Reached XP level 7. HP: 40/48 MP: 2/10
  3779 | D:5      | Reached skill level 8 in Stealth
  3884 | D:5      | Found a broken altar of Ashenzari.
  4019 | D:5      | Found a burning altar of Makhleb.
  4022 | D:5      | Found a hazy altar of Hepliaklqana.
  4026 | D:5      | Found a sparkling altar of Nemelex Xobeh.
  4480 | D:6      | Reached XP level 8. HP: 52/54 MP: 12/12
  4516 | D:6      | Noticed a hornet
  4520 | D:6      | Paralysed by a hornet for 3 turns
  4536 | D:6      | Slain by an ice beast

Illustrated notes

Levels and vault maps discovered:
D:1:      nicolae_arrival_washed_ashore, layout_basic, minmay_misc_feat_alley,
          nicolae_the_louvre
D:2:      layout_loops_ring, uniq_robin
D:3:      minmay_octagon_keep, layout_basic, nicolae_overflow_hidden_temple,
          ebering_ecumenical_altar_hall, hellmonk_no_cap
D:4:      layout_loops_ring
D:5:      layout_rooms, ashenzari_conservatory_becter,
          grunt_temple_overflow_diamond
D:6:      cheibrodos_fzero, layout_rooms, serial_shops, shop

Skill      XL: |  1  2  3  4  5  6  7 |
---------------+----------------------+-----
Stealth        | 7 8 |  8.5
Poison Magic   | 1 2 3 |  3.7
Spellcasting   | 1 2 |  2.8
Polearms       | 3 4 |  4.1
Dodging        | 3 4 |  4.2
Fighting       | 4 |  4.8

Action                     |  1- 3 |  4- 6 |  7- 9 || total
---------------------------+-------+-------+-------++-------
  Melee: Spear             |    66 |   122 |    48 ||   236
         Constrict         |    12 |    30 |    10 ||    52
         Tentacles         |     7 |    32 |    17 ||    56
         Punch             |       |       |     2 ||     2
   Fire: Sling             |       |    22 |       ||    22
   Cast: Poisonous Vapours |       |    11 |    12 ||    23
  Evoke: Wand              |       |       |     3 ||     3
    Use: Scroll            |     6 |     1 |     3 ||    10
         Potion            |     1 |       |     1 ||     2
   Stab: Sleeping          |    19 |     7 |     5 ||    31
 Armour: Skin              |    17 |    43 |    17 ||    77
  Dodge: Dodged            |    13 |    61 |    44 ||   118

Table legend: (Time is in decaauts)
 A = Elapsed time spent in this place.
 B = Non-inter-level travel time spent in this place.
 C = Inter-level travel time spent in this place.
 D = Time resting spent in this place.
 E = Time spent auto-exploring this place.
 F = Levels seen in this place.
 G = Mean time per level.
                   A        B        C        D        E       F      G
               +--------+--------+--------+--------+--------+-----+--------+
         Total |   4518 |   4358 |    160 |    476 |   3079 |   6 |  753.0 |
       Dungeon |   4518 |   4358 |    160 |    476 |   3079 |   6 |  753.0 |
               +--------+--------+--------+--------+--------+-----+--------+

Top non-repeatable levels by time:
     D:3: 1071 daAuts
     D:1: 837 daAuts
     D:2: 819 daAuts
     D:5: 777 daAuts
     D:4: 715 daAuts
     D:6: 296 daAuts
